 Dungeon Crawl Stone Soup version 0.31-a0-210-gccc998d (webtiles) character file.

Game seed: 1569483729473700468

1817 Dawnplanks the Skirmisher (level 8, 0/42 HPs)
             Began as a Spriggan Hunter on June 29, 2023.
             Was a Follower of Fedhas.
             Killed from afar by a white imp (9 damage)
             ... with a puff of frost
             ... on level 6 of the Dungeon.
             The game lasted 00:16:56 (5021 turns).

Dawnplanks the Skirmisher (Spriggan Hunter)         Turns: 5021, Time: 00:16:57

Health: 0/42       AC:  2    Str:  7    XL:     8   Next: 85%
Magic:  9/9        EV: 19    Int: 11    God:    Fedhas [*.....]
Gold:   182        SH:  0    Dex: 20    Spells: 7/7 levels left

rFire   . . .        a - +0 shortbow
rCold   . . .        (shield currently unavailable)
rNeg    . . .        n - +0 animal skin
rPois   .            (helmet restricted)
rElec   .            (no cloak)
rCorr   .            (gloves unavailable)
SInv    +            (boots unavailable)
Will    +....        (no amulet)
Stlth   +++          i - ring of flight
HPRegen 0.27/turn    (no ring)
MPRegen 0.11/turn

%: no passive effects
@: flying, very quick
A: very small, no large weapons, unfitting armour, see invisible, speed 3
a: Renounce Religion


You were on level 6 of the Dungeon.
You worshipped Fedhas.
Fedhas was aware of your devotion.
You visited 2 branches of the dungeon, and saw 7 of its levels.

You collected 182 gold pieces.

Inventory:

Hand Weapons
 a - a +0 shortbow (weapon)
 m - a +5 short sword of flaming
Armour
 n - a +0 animal skin (worn)
Jewellery
 i - a ring of flight (left hand)
 p - a ring of ice
 s - an amulet of faith
Wands
 l - a wand of flame (14)
 q - a wand of polymorph (9)
Scrolls
 b - 2 scrolls of blinking {unknown}
 d - 5 scrolls of identify {unknown}
 f - a scroll of revelation {unknown}
 g - 2 scrolls of teleportation {unknown}
 r - a scroll of fear {unknown}
Potions
 c - 3 potions of curing
 e - a potion of mutation {unknown}
 h - a potion of lignification {unknown}
 j - a potion of haste {unknown}
 k - 2 potions of berserk rage {unknown}
 o - 2 potions of might {unknown}


   Skills:
 + Level 4.4 Fighting
 + Level 10.7 Ranged Weapons
 + Level 4.0 Dodging
 + Level 3.0 Stealth


You had 7 spell levels left.
You didn't know any spells.
Your spell library contained the following spells:

 Spells                   Type           Power      Damage    Failure   Level
 Blade Hands              Tmut           0%         N/A       100%        5
 Irradiate                Conj/Tmut      0%         3d11      100%        5
 Dragon Form              Tmut           0%         N/A       100%        7


Dungeon Overview and Level Annotations

Branches:
Dungeon (6/15)             Temple (1/1) D:5

Altars:
Ashenzari
Dithmenos
Fedhas
Gozag
Hepliaklqana
Kikubaaqudgha
Nemelex Xobeh
Okawaru
Qazlal
Ru
Trog
Wu Jian
Xom
Yredelemnul

Shops:
D:4 *   D:5 =

Annotations:
D:3 1 runed translucent door, Crazy Yiuf


Innate Abilities, Weirdness & Mutations

You are very small and have problems with some larger weapons.
You are too small for most types of armour.
You have supernaturally acute eyesight. (SInv)
You cover ground extremely quickly. (Speed+++)


Message History

The white imp gestures at you. The puff of frost hits you!
You shoot an arrow. The arrow hits the sky beast!
The sky beast is moderately wounded.
You shoot an arrow. The arrow hits the sky beast!
The sky beast is heavily wounded.
The white imp gestures at you. The puff of frost misses you.
You shoot an arrow. The arrow barely misses the sky beast.
You shoot an arrow. The arrow hits the sky beast.
The sky beast is heavily wounded.
The white imp gestures at you. The puff of frost hits you!
The white imp gestures at you. The puff of frost hits you!
You are too injured to fight recklessly!
You are too injured to fight recklessly!
The white imp gestures at you. The puff of frost misses you.
The white imp gestures at you. The puff of frost hits you!
* * * LOW HITPOINT WARNING * * *
An ogre comes into view. It is wielding a +0 giant club.
The sky beast flickers out of sight for a moment.
Fire: a) +0 shortbow
Press: ? - help, Q - select action, (/) - cycle Shift-Dir - straight line, f/p - sky beast
Aim: a sky beast (heavily wounded, slightly transparent, 61% to hit)
You shoot an arrow. The arrow closely misses the sky beast.
The arrow closely misses the white imp.
Unknown command.
Okay, then.
Fire: a) +0 shortbow
Press: ? - help, Q - select action, (/) - cycle Shift-Dir - straight line, f/p - sky beast
Aim: a sky beast (heavily wounded, slightly transparent, 61% to hit)
You shoot an arrow. The arrow closely misses the sky beast.
The arrow hits the white imp but does no damage.
The white imp gestures at you.
The puff of frost misses the sky beast.
The puff of frost hits you!
You die...
Fedhas appreciates your contribution to the ecosystem.

........# #...## #. ####....#
#....###. . #....# #......#.
.#. #O...## #...##... ....##
#.....#####...####. #..#.
+........##...####.
#....#####....###........##.
# #...........# ####..##.##.
#.#...†)...@#### #.)##)...
.#.#............# #.)#)###.
........###.....# ##..#~~##.
.........##.....# #..##)~##.
..........#.Y...####..#≈~~~#.
...).......#5.....##.)#≈~~~##
..................##..#≈~~~#
).................##..##~~##
.............######## #~~#


You could see a sky beast (invisible), an ogre and a white imp.

Vanquished Creatures
  Grinder (D:3)
  Sigmund (D:3)
  2 water moccasins
  An orc warrior (D:6)
  A black bear (D:5)
  An ogre (D:5)
  3 phantoms
  2 scorpions
  A howler monkey (D:6)
  3 orc priests
  2 hounds
  A jelly (D:6)
  An iguana (D:5)
  7 orc wizards
  Robin (D:3)
  9 adders
  A white imp (D:6)
  2 dart slugs (D:4)
  21 orcs
  4 endoplasms
  3 giant cockroaches
  20 goblins
  15 hobgoblins
  8 jackals
  3 quokkas
  9 ball pythons
  5 bats
  9 kobolds
  8 rats
145 creatures vanquished.

Vanquished Creatures (others)
  A bullfrog (D:6)
  2 sleepcaps (D:6)
3 creatures vanquished.

Grand Total: 148 creatures vanquished

Notes
Turn   | Place    | Note
-------+----------+-------------------------------------------
     0 | D:1      | Dawnplanks the Spriggan Hunter began the quest for the Orb.
     0 | D:1      | Reached XP level 1. HP: 10/10 MP: 2/2
   199 | D:1      | Reached XP level 2. HP: 15/15 MP: 3/3
   696 | D:1      | Reached XP level 3. HP: 15/18 MP: 4/4
   834 | D:2      | Found a faded altar of an unknown god.
   942 | D:2      | You fall into a shaft and drop 2 floors!
   959 | D:4      | Reached skill level 5 in Ranged Weapons
  1032 | D:4      | Noticed a scorpion
  1098 | D:3      | Reached XP level 4. HP: 23/23 MP: 5/5
  1293 | D:3      | Noticed Grinder
  1363 | D:3      | Killed Grinder
  1364 | D:3      | Reached skill level 6 in Ranged Weapons
  1364 | D:3      | Reached XP level 5. HP: 10/27 MP: 6/6
  1364 | D:3      | Reached XP level 6. HP: 12/32 MP: 7/7
  1535 | D:3      | Noticed Sigmund
  1559 | D:3      | Killed Sigmund
  1560 | D:3      | Reached skill level 7 in Ranged Weapons
  1677 | D:3      | Found a runed translucent door.
  1678 | D:3      | Noticed Crazy Yiuf
  1915 | D:3      | Noticed Robin
  1952 | D:3      | Killed Robin
  2264 | D:3      | Reached XP level 7. HP: 35/35 MP: 8/8
  2714 | D:4      | Reached skill level 8 in Ranged Weapons
  2784 | D:4      | Found a bloodstained altar of Trog.
  2938 | D:4      | Found Reigerch's General Store.
  3466 | D:5      | Entered Level 5 of the Dungeon
  3466 | D:5      | Found a staircase to the Ecumenical Temple.
  3473 | Temple   | Entered the Ecumenical Temple
  3487 | Temple   | Became a worshipper of Fedhas Madash
  3826 | D:5      | Reached skill level 9 in Ranged Weapons
  3826 | D:5      | Reached XP level 8. HP: 40/40 MP: 9/9
  3893 | D:5      | Found an ornate altar of the Wu Jian Council.
  3935 | D:5      | Found Fyugobb's Jewellery Emporium.
  4208 | D:5      | Found a shadowy altar of Dithmenos.
  4344 | D:6      | Found a broken altar of Ashenzari.
  4390 | D:6      | Found an ancient bone altar of Kikubaaqudgha.
  4532 | D:6      | Reached * piety under Fedhas
  4533 | D:6      | Reached skill level 10 in Ranged Weapons
  5021 | D:6      | Killed from afar by a white imp

Illustrated notes

Levels and vault maps discovered:
D:1:      nicolae_arrival_escape_room, layout_loops_cross, minmay_bisected
D:2:      layout_rooms, chequers_ecumenical_altar_simple, nrook_mini_vaults
D:3:      corexii_shack_village, layout_basic, uniq_sigmund,
          uniq_crazy_yiuf_cottage, uniq_grinder, uniq_robin
D:4:      layout_loops_ring, old_standard_altar, serial_shops, shop
D:5:      cheibrodos_helix_gallery, layout_cave_pools,
          nicolae_dithmenos_the_darkroom, nicolae_wu_jian_glorious_leap,
          minmay_temple_entry_tees, serial_shops, nicolae_inconvenience_store,
          uniq_blork_the_orc
D:6:      cheibrodos_thug_alley, layout_basic, lemuel_round_altar,
          ashenzari_conservatory_becter, minmay_diced_spiral
Temple:   hellmonk_temple_rainy

Skill      XL: |  1  2  3  4  5  6  7  8 |
---------------+-------------------------+-----
Dodging        | 3 4 |  4.0
Ranged Weapons | 5 6 7 9 10 | 10.7
Fighting       | 2 3 4 |  4.4
Stealth        | 2 3 |  3.0

Action                     |  1- 3 |  4- 6 |  7- 9 || total
---------------------------+-------+-------+-------++-------
  Melee: Shortbow          |       |     1 |       ||     1
   Fire: Shortbow          |   123 |   151 |   294 ||   568
    Use: Scroll            |     1 |       |       ||     1
 Armour: Robe              |       |     5 |       ||     5
         Animal skin       |       |     2 |     1 ||     3
  Dodge: Dodged            |    67 |    47 |    60 ||   174

Table legend: (Time is in decaauts)
 A = Elapsed time spent in this place.
 B = Non-inter-level travel time spent in this place.
 C = Inter-level travel time spent in this place.
 D = Time resting spent in this place.
 E = Time spent auto-exploring this place.
 F = Levels seen in this place.
 G = Mean time per level.
                   A        B        C        D        E       F      G
               +--------+--------+--------+--------+--------+-----+--------+
         Total |   3571 |   3441 |    130 |     76 |   2242 |   7 |  510.1 |
       Dungeon |   3552 |   3430 |    122 |     76 |   2241 |   6 |  592.0 |
        Temple |     18 |     11 |      7 |      0 |      0 |   1 |   18.0 |
               +--------+--------+--------+--------+--------+-----+--------+

Top non-repeatable levels by time:
     D:3: 1080 daAuts
     D:4: 801 daAuts
     D:1: 571 daAuts
     D:6: 506 daAuts
     D:5: 505 daAuts
     D:2: 87 daAuts
  Temple: 18 daAuts
